 Dungeon Crawl Stone Soup version 0.27.1-1-g398f81649c (webtiles) character file.

Game seed: 17809418466809594736

4 VictoriousLee the Caller (level 1, -3/13 HPs)
             Began as a Barachi Summoner on Sept 6, 2021.
             Slain by a quokka (4 damage)
             ... on level 1 of the Dungeon.
             The game lasted 00:01:17 (183 turns).

VictoriousLee the Caller (Barachi Summoner)          Turns: 183, Time: 00:01:17

Health: -3/13      AC:  2    Str:  9    XL:     1   Next: 70%
Magic:  0/3        EV: 12    Int: 15    God:
Gold:   5          SH:  0    Dex: 12    Spells: 3/4 levels left

rFire    . . .     SeeInvis .   b - +0 club
rCold    . . .     Faith    .   (no shield)
rNeg     . . .     Spirit   .   a - +0 robe
rPois    .         Reflect  .   (no helmet)
rElec    .         Harm     .   (no cloak)
rCorr    .         Rampage  .   (no gloves)
Will     .....                  (no boots)
Stlth    ++........             (no amulet)
HPRegen  0.04/turn              (no ring)
MPRegen  0.08/turn              (no ring)

@: slow
A: amphibious, slowness 1, strong legs 1, +LOS
a: Hop


You were on level 1 of the Dungeon.
You visited 1 branch of the dungeon, and saw 1 of its levels.

You collected 5 gold pieces.

Inventory:

Hand Weapons
 b - a +0 club (weapon)
Armour
 a - a +0 robe (worn)


   Skills:
 - Level 2.1 Dodging
 - Level 1.7 Stealth
 - Level 2.1 Spellcasting
 + Level 5.1 Summonings


You had 3 spell levels left.
You knew the following spells:

 Your Spells              Type           Power      Damage    Failure   Level
a - Summon Small Mammal   Summ           68%        N/A       2%          1

Your spell library contained the following spells:

 Spells                   Type           Power      Damage    Failure   Level
 Call Imp                 Summ           17%        N/A       4%          2
 Call Canine Familiar     Summ           17%        N/A       8%          3
 Summon Guardian Golem    Hex/Summ       9%         N/A       22%         3
 Summon Lightning Spire   Summ/Air       9%         N/A       58%         4


Dungeon Overview and Level Annotations

Branches:
Dungeon (1/15)

Altars:


Innate Abilities, Weirdness & Mutations

You are amphibious.
You cover ground slowly.
You can hop short distances.
You have an extended range of vision and can be seen from far away.


Message History

The quokka closely misses you. The endoplasm closely misses you.
Your bat hits the endoplasm but does no damage.
The quokka barely misses you.
Your bat hits the endoplasm. The quokka closely misses you.
Your bat hits the endoplasm. The quokka bites your quokka.
The endoplasm closely misses your quokka.
The quokka misses your quokka.
Your quokka closely misses the quokka.
Your bat hits the endoplasm but does no damage.
Casting: Summon Small Mammal (safe; 2% risk of failure)
Confirm with . or Enter, or press ? or * to list all spells.
Your bat hits the endoplasm. Your quokka misses the quokka.
The quokka bites your quokka.
Your quokka dies!
Your quokka's corpse disappears in a puff of smoke!
You barely miss the endoplasm.
The endoplasm is heavily wounded.
Your bat barely misses the quokka.
The endoplasm freezes you.
You are frozen.
Your quokka bites the endoplasm.
The endoplasm dies!
The quokka twitches its whiskers.
The quokka closely misses you.
You closely miss the quokka.
Your bat hits the quokka but does no damage.
The quokka closely misses you.
Your quokka misses the quokka. You closely miss the quokka.
Your bat closely misses the quokka.
The quokka closely misses you.
Your quokka closely misses the quokka.
The quokka bites you.
You hit the quokka.
The quokka is moderately wounded.
Your bat hits the quokka but does no damage.
Your quokka barely misses the quokka.
The quokka closely misses you.
Your quokka closely misses the quokka.
You miss the quokka.
The quokka is moderately wounded.
Your bat barely misses the quokka.
The quokka bites you.
* * * LOW HITPOINT WARNING * * *
Your quokka closely misses the quokka.
The quokka bites you.
You die...

# .....###...#...###.##
.##.#.................
.............†.......
#...................
#................... ...
#...................
.....##...................
..)......rrb..............
.....###.@....>...........
... ##.....#...........
#.(######.......... #.##
#.####..(.# ... #.# ###.
...g .# ..... # ......
.....(


You could see a quokka (ally target), a goblin, a friendly quokka (summoned) and
a friendly bat (summoned).

Vanquished Creatures
  A bat (D:1)
  A kobold (D:1)
2 creatures vanquished.

Vanquished Creatures (collateral kills)
  2 endoplasms (D:1)
  A hobgoblin (D:1)
  A kobold (D:1)
  A rat (D:1)
5 creatures vanquished.

Grand Total: 7 creatures vanquished

Notes
Turn   | Place    | Note
-------+----------+-------------------------------------------
     0 | D:1      | VictoriousLee the Barachi Summoner began the quest for the
                  | Orb.
     0 | D:1      | Reached XP level 1. HP: 13/13 MP: 3/3
   152 | D:1      | Reached skill level 5 in Summonings
   183 | D:1      | Slain by a quokka

Illustrated notes

Levels and vault maps discovered:
D:1:      giann_wishing_wells, layout_rooms, minmay_misc_feat_four_crosses

Skill      XL: |  1 |
---------------+----+-----
Summonings     | 5 |  5.1
Dodging        | |  2.1
Stealth        | |  1.7
Spellcasting   | |  2.1

Action                   || total
-------------------------++-------
Melee: Unarmed           ||    20
       Club              ||    10
 Cast: Summon Small Mamm ||     6
Armor: Robe              ||    13
Dodge: Dodged            ||    35
